 Dungeon Crawl Stone Soup version 0.27.0-1-g7a089689b8 (webtiles) character file.

Game seed: 9183524042689692655

740 Sin92 the Chopper (level 7, 0/55 HPs)
             Began as a Demonspawn Fighter on Aug 9, 2021.
             Slain by Edmund (1 damage)
             ... on level 5 of the Dungeon.
             The game lasted 00:07:43 (4416 turns).

Sin92 the Chopper (Demonspawn Fighter)              Turns: 4416, Time: 00:07:44

Health: 0/55       AC: 13    Str: 19    XL:     7   Next: 46%
Magic:  7/7        EV: 12    Int:  9    God:
Gold:   263        SH: 14    Dex: 14    Spells: 6/6 levels left

rFire    + . .     SeeInvis .   j - +2 spear (vamp)
rCold    . . .     Faith    .   c - +1 kite shield
rNeg     . . .     Spirit   .   b - +0 scale mail
rPois    .         Reflect  .   (helmet restricted)
rElec    .         Harm     .   (no cloak)
rCorr    .         Rampage  .   (no gloves)
Will     .....                  (no boots)
Stlth    ..........             e - amulet of the acrobat
HPRegen  0.18/turn              n - +4 ring of evasion
MPRegen  0.10/turn              l - ring of protection from fire

@: no status effects
A: antennae 1, thin metallic scales 1, icemail 1, condensation shield, agile 1
a: no special abilities


You were on level 5 of the Dungeon.
You visited 1 branch of the dungeon, and saw 5 of its levels.

You collected 263 gold pieces.

Inventory:

Hand Weapons
 a - a +0 war axe
 j - a +2 vampiric spear (weapon)
Armour
 b - a +0 scale mail (worn)
 c - a +1 kite shield (worn)
Jewellery
 e - an amulet of the acrobat (around neck)
 l - a ring of protection from fire (right hand)
 n - a +4 ring of evasion (left hand)
Wands
 f - a wand of acid (7)
Scrolls
 i - a scroll of identify
Potions
 d - a potion of mutation
 g - a potion of degeneration {unknown}
 h - a potion of curing


   Skills:
 + Level 4.4 Fighting
 + Level 4.6(4.7) Axes
 * Level 0.8(3.0) Polearms
 + Level 3.9 Armour
 + Level 2.8 Dodging
 + Level 4.1 Shields


You had 6 spell levels left.
You didn't know any spells.
Your spell library was empty.

Dungeon Overview and Level Annotations

Branches:
Dungeon (5/15)
 Temple: D:4-7

Altars:

Shops:
D:2 [   D:3 [

Annotations:
D:5 Edmund


Innate Abilities, Weirdness & Mutations

You have a pair of small antennae on your head.
You are partially covered in thin metallic scales. (AC +2)
A meltable icy envelope protects you from harm. (AC +4)
A meltable shield of frost defends you. (SH +4)
You are agile. (Dex +2)


Message History

Edmund is nearby!
You reach to attack!
You barely miss Edmund.
Edmund asks, "Have you met my wondrous brother?"
Edmund drinks a potion.
Edmund flickers and vanishes!
Deactivating autopickup; reactivate with Ctrl-A.
Unknown command.
There is a strange disturbance nearby!
No target in view!
Unknown command.
There is a strange disturbance nearby!
No target in view!
No target in view!
Unknown command.
You closely miss something. Something hits you but does no damage.
You hit something. You block something's attack.
You hit something. You block something's attack.
You closely miss something. Something hits you but does no damage.
You hit something. Something hits you.
You convulse.
You miss something. Something hits you.
You convulse.
You closely miss something. Something barely misses you.
You block something's attack.
You barely miss something. Something hits you!
You convulse.
You barely miss something. Something hits you.
You convulse.
You puncture something! Something completely misses you.
You hit something.
You feel better. Something hits you!
You convulse.
You hit something.
You feel better. Something hits you but does no damage.
You miss something. Something hits you but does no damage.
You barely miss something. Something hits you!
* * * LOW HITPOINT WARNING * * *
You convulse.
* * * LOW HITPOINT WARNING * * *
Something hits you but does no damage.
You hit something but do no damage. Something hits you.
* * * LOW HITPOINT WARNING * * *
You convulse.
* * * LOW HITPOINT WARNING * * *
You miss something. Something hits you.
* * * LOW HITPOINT WARNING * * *
You convulse.
You die...

... ... #..# #..# #
...##...##
##.##..#..... .
...........# .##
.........>####...
.?................
......{@......##.
.................
......!##.....##
.....###......#
.....#........#.#..##
....................#
....###....#.#....(...
....###....#####......
........###...........


There were no monsters in sight!

Vanquished Creatures
  Sigmund (D:2)
  An ice beast (D:4)
  A scorpion (D:4)
  A water moccasin skeleton (D:4)
  A hound (D:4)
  An iguana (D:5)
  2 orc wizards (D:5)
  10 gnolls
  2 adders
  A shadow imp (D:5)
  2 white imps
  An adder skeleton (D:4)
  A worm (D:2)
  7 orcs
  5 endoplasms
  3 giant cockroaches
  36 goblins
  31 hobgoblins
  2 jackals (D:2)
  12 kobolds
  A quokka (D:4)
  6 ball pythons
  4 bats
  6 frilled lizards
  2 rats
140 creatures vanquished.

Vanquished Creatures (collateral kills)
  A hobgoblin (D:3)
1 creature vanquished.

Grand Total: 141 creatures vanquished

Notes
Turn   | Place    | Note
-------+----------+-------------------------------------------
     0 | D:1      | Sin92 the Demonspawn Fighter began the quest for the Orb.
     0 | D:1      | Reached XP level 1. HP: 18/18 MP: 1/1
   168 | D:1      | Gained mutation: A meltable shield of frost defends you.
                  | (SH +4) [demonic ancestry]
   168 | D:1      | Reached XP level 2. HP: 19/24 MP: 2/2
   649 | D:1      | Found a faded altar of an unknown god.
   973 | D:2      | Reached XP level 3. HP: 28/29 MP: 3/3
  1070 | D:2      | Noticed Sigmund
  1072 | D:2      | Gained mutation: You have a pair of small horns on your
                  | head. [potion of mutation]
  1072 | D:2      | Gained mutation: You are agile. (Dex +2) [potion of
                  | mutation]
  1085 | D:2      | Killed Sigmund
  1086 | D:2      | Reached skill level 1 in Dodging
  1086 | D:2      | Reached XP level 4. HP: 31/36 MP: 4/4
  1086 | D:2      | Gained mutation: A meltable icy envelope protects you from
                  | harm. (AC +4) [demonic ancestry]
  1086 | D:2      | Reached XP level 5. HP: 35/41 MP: 5/5
  1370 | D:2      | Found Toma's Antique Armour Shoppe.
  1838 | D:3      | Found Fulodgh's Armour Boutique.
  2188 | D:3      | Lost mutation: You have a pair of small horns on your head.
                  | [demonic ancestry]
  2188 | D:3      | Gained mutation: You have a pair of small antennae on your
                  | head. [demonic ancestry]
  2188 | D:3      | Reached XP level 6. HP: 44/48 MP: 6/6
  3162 | D:4      | Noticed an ice beast
  3186 | D:4      | Killed an ice beast
  3277 | D:4      | Gained mutation: You are partially covered in thin metallic
                  | scales. (AC +2) [demonic ancestry]
  3277 | D:4      | Reached XP level 7. HP: 41/54 MP: 7/7
  4097 | D:5      | Entered Level 5 of the Dungeon
  4397 | D:5      | Noticed Edmund
  4416 | D:5      | HP: 1/55 [something (2)]
  4416 | D:5      | Slain by Edmund

Illustrated notes

Levels and vault maps discovered:
D:1:      dpeg_arrival_rhombus, layout_loops_ring,
          chequers_ecumenical_altar_simple
D:2:      layout_rooms, serial_shops, shop_fountains, uniq_sigmund
D:3:      minmay_goblin_kobold_castle, layout_basic, serial_shops,
          nicolae_lakefront_shop
D:4:      layout_basic
D:5:      layout_cave_pools, minmay_shop_mass, hangedman_decor_lopped,
          uniq_edmund

Skill      XL: |  1  2  3  4  5  6  7 |
---------------+----------------------+-----
Axes           | 2 3 4 |  4.6
Armour         | 3 |  3.9
Dodging        | 1 2 |  2.8
Shields        | 3 4 |  4.1
Fighting       | 4 |  4.4
Polearms       | |  0.8

Action                   |  1- 3 |  4- 6 |  7- 9 || total
-------------------------+-------+-------+-------++-------
Melee: War axe           |    69 |   174 |    60 ||   303
       Headbutt          |     1 |    19 |       ||    20
       Spear             |       |       |    85 ||    85
  Use: Potion            |     3 |     2 |     2 ||     7
       Scroll            |       |     6 |     4 ||    10
Armor: Scale mail        |    20 |    85 |    46 ||   151
Dodge: Dodged            |    25 |    72 |    49 ||   146
Block: Kite shield       |    51 |   195 |   105 ||   351
